 Dungeon Crawl Stone Soup version 0.30.0-19-g36f170ea60 (webtiles) character file.

Game seed: 16680539743766653361

1424 monsoonserge the Cudgeller (level 9, -1/82 HPs)
             Began as a Human Wanderer on June 1, 2023.
             Was a Believer of Hepliaklqana.
             Slain by a gnoll
             ... wielding a +0 spear
             ... led by a gnoll bouda
              (5 damage)
             ... on level 5 of the Dungeon.
             The game lasted 00:13:24 (2950 turns).

monsoonserge the Cudgeller (Human Wanderer)         Turns: 2950, Time: 00:13:26

Health: -1/82      AC: 24    Str: 14    XL:     9   Next: 2%
Magic:  0/12       EV:  2    Int: 13    God:    Hepliaklqana [**....]
Gold:   199        SH:  0    Dex: 15    Spells: 11/12 levels left

rFire   . . .        h - +0 whip (distort)
rCold   . . .        (no shield)
rNeg    . . .        d - melded +2 leather armour
rPois   +            (helmet currently unavailable)
rElec   .            (cloak currently unavailable)
rCorr   .            w - melded +1 pair of gloves
SInv    .            (boots currently unavailable)
Will    .....        r - amulet of guardian spirit
Stlth   +++          (no ring)
HPRegen 0.33/turn    (no ring)
MPRegen 0.13/turn

%: guardian spirit
@: tree-form, hasted, very quick
A: stationary, stasis, torment immunity, boosted hp, reduced essence
a: Renounce Religion, Recall Ancestor, Ancestor Identity


You were on level 5 of the Dungeon.
You worshipped Hepliaklqana.
Hepliaklqana was pleased with you.
You were a tree.
You visited 1 branch of the dungeon, and saw 5 of its levels.
You also visited: Sewer.

You collected 229 gold pieces.
You spent 30 gold pieces at shops.

Inventory:

Hand Weapons
 h - a +0 whip of distortion (weapon)
 u - a +2 dagger of venom
 A - a +1 scimitar of holy wrath
 B - a +1 dagger of holy wrath
Missiles
 g - 5 boomerangs (quivered)
Armour
 d - a +2 leather armour (melded)
 j - a +0 plate armour
 w - a +1 pair of gloves (melded)
Magical Staves
 C - a staff of poison
Jewellery
 e - an amulet of reflection
 r - an amulet of guardian spirit (around neck)
 t - an amulet of regeneration
Scrolls
 b - 2 scrolls of fog
 f - 4 scrolls of identify {unknown}
 i - a scroll of acquirement {unknown}
 o - 2 scrolls of magic mapping {unknown}
 s - 4 scrolls of fear {unknown}
 v - a scroll of enchant armour {unknown}
 y - a scroll of enchant weapon {unknown}
 z - a scroll of noise {unknown}
Potions
 c - 2 potions of invisibility
 k - 3 potions of curing
 l - a potion of lignification
 m - a potion of resistance {unknown}
 n - 2 potions of degeneration {unknown}
 p - a potion of ambrosia {unknown}
 q - 2 potions of haste
 x - 2 potions of cancellation {unknown}


   Skills:
 + Level 2.4 Fighting
 + Level 0.5(4.3) Axes
 * Level 7.0 Maces & Flails
 + Level 0.6 Throwing
 + Level 3.4 Armour
 + Level 6.2 Dodging
 + Level 5.4 Stealth
 - Level 2.0 Spellcasting
 - Level 1.0 Translocations


You had 11 spell levels left.
You knew the following spells:

 Your Spells              Type           Power      Damage    Failure   Level
a - Apportation           Tloc           6%         N/A       17%         1

Your spell library contained the following spells:

 Spells                   Type           Power      Damage    Failure   Level
 Kiss of Death            Conj/Necr      4%         2d5       26%         1
 Slow                     Hex            4%         N/A       26%         1
 Portal Projectile        Hex/Tloc       4%         N/A       52%         3
 Confusing Touch          Hex            1%         N/A       58%         3
 Vampiric Draining        Necr           1%         2d6       58%         3
 Dispel Undead            Necr           1%         3d6       94%         4
 Summon Forest            Summ/Tloc      1%         N/A       99%         5
 Eringya's Noxious Bog    Tmut/Pois      0%         N/A       100%        6
 Summon Hydra             Summ           0%         N/A       100%        7


Dungeon Overview and Level Annotations

Branches:
Dungeon (5/15)              Sewer (visited)
 Temple: D:4-7

Altars:
Hepliaklqana

Shops:
D:4 *(=!

Annotations:
Abyss:1 Pargi, Sigmund


Message History

You throw a poisoned dart. The poisoned dart hits the gnoll.
The gnoll barely misses you.
Throw: dart (poison)
Press: ? - help, Q - select action, (/) - cycle Shift-Dir - straight line, f/p - gnoll
Aim: a gnoll, wielding a +0 spear (covering ground quickly, poisoned, 63% to hit)
You throw a poisoned dart. The poisoned dart hits the gnoll.
The gnoll looks even sicker.
The gnoll hits you but does no damage.
A quokka comes into view.
The gnoll hits you but does no damage.
Throw: 5 boomerangs
Press: ? - help, Q - select action, (/) - cycle Shift-Dir - straight line, f - orc, p - gnoll
Aim: an orc, wielding a +0 hand axe (translocational energy, 59% to hit)
Okay, then.
You hit the orc.
Space warps horribly around the orc!!
You kill the orc!
The gnoll hits you but does no damage.
Throw: 5 boomerangs
Press: ? - help, Q - select action, (/) - cycle Shift-Dir - straight line, f/p - gnoll
Aim: a gnoll, wielding a +0 spear (covering ground quickly, very poisoned, 63% to hit)
You throw a boomerang. The boomerang hits the gnoll.
The gnoll is moderately wounded.
The gnoll is no longer moving quickly.
The gnoll hits you from afar with a +0 spear.
* * * LOW HITPOINT WARNING * * *
Throw: 5 boomerangs
Press: ? - help, Q - select action, (/) - cycle Shift-Dir - straight line, f/p - gnoll
Aim: a gnoll, wielding a +0 spear (heavily wounded, covering ground quickly, very poisoned, 63% to hit)
You throw a boomerang. The boomerang hits the gnoll.
The gnoll is severely wounded.
The gnoll hits you but does no damage.
The gnoll hits you from afar with a +0 spear.
* * * LOW HITPOINT WARNING * * *
Throw: 5 boomerangs
Press: ? - help, Q - select action, (/) - cycle Shift-Dir - straight line, f - gnoll, p - gnoll
Aim: a gnoll, wielding a +0 spear (63% to hit)
You throw a boomerang. The boomerang barely misses the gnoll.
You kill the gnoll!
The gnoll hits you from afar with a +0 spear.
You die...

### .. #### #### #.#
##..###..## #..
##.#..#..#.###
###..####_..#.)#..#..#
#..(.#..###..#..#.R#.#
#..g####..R#...##.#
#...§♣##########..#
#...(.)#)#.#####.#..##
........#.#...R.#...##
......r..#.#####.#.###
.......#.#.........#
.#.....#.#######.#######
......#.# #.#.....#
#######.# #.#.###.#
#...# #.#


You could see a gnoll and a quokka.

Vanquished Creatures
  A black bear (D:4)
  A phantom (D:4)
  A scorpion (D:4)
  A gnoll bouda (D:5)
  An iguana (D:5)
  Natasha (twice) (D:4)
  6 gnolls
  5 adders
  2 ufetubi
  4 worms
  8 orcs
  7 endoplasms
  10 giant cockroaches
  8 goblins
  8 hobgoblins
  2 quokkas
  9 ball pythons
  7 bats
  3 frilled lizards
  10 kobolds
  5 rats
101 creatures vanquished.

Vanquished Creatures (collateral kills)
  A yak (D:5)
  An ice beast (D:5)
  A hound (D:5)
  Natasha (D:4)
  A gnoll (D:4)
  An adder (D:3)
  3 orcs (D:3)
  3 giant cockroaches
  3 goblins
  3 hobgoblins
  2 kobolds (Sewer)
  A quokka (D:3)
  2 rats (D:3)
23 creatures vanquished.

Vanquished Creatures (others)
  A battlemage (D:5)
1 creature vanquished.

Grand Total: 125 creatures vanquished

Notes
Turn   | Place    | Note
-------+----------+-------------------------------------------
     0 | D:1      | monsoonserge the Human Wanderer began the quest for the
                  | Orb.
     0 | D:1      | monsoonserge set off with the following items: a +0 dagger,
                  | a scroll of fog, a potion of invisibility, a +2 leather
                  | armour; and the following spell memorised: Apportation; and
                  | the following spells available to memorise: Portal
                  | Projectile.
     0 | D:1      | Reached XP level 1. HP: 13/13 MP: 3/3
    63 | D:1      | Reached XP level 2. HP: 19/19 MP: 5/5
   171 | D:1      | Reached XP level 3. HP: 24/24 MP: 6/6
   753 | D:2      | Reached skill level 1 in Maces & Flails
   825 | D:2      | Reached XP level 4. HP: 23/30 MP: 7/7
  1117 | D:2      | Found a faded altar of an unknown god.
  1125 | D:2      | Prayed at the altar of an unknown god.
  1125 | D:2      | Became a worshipper of Hepliaklqana the Forgotten
  1125 | D:2      | Reached * piety under Hepliaklqana
  1207 | D:3      | Reached skill level 2 in Maces & Flails
  1276 | D:3      | Found a glowing drain.
  1280 | Sewer    | Entered a sewer
  1341 | Sewer    | Noticed Pargi
  1346 | Sewer    | Banished Pargi
  1347 | Sewer    | Reached skill level 3 in Maces & Flails
  1347 | Sewer    | Reached skill level 1 in Armour
  1347 | Sewer    | Reached XP level 5. HP: 23/32 MP: 6/8
  1347 | Sewer    | Reached XP level 6. HP: 27/37 MP: 6/9
  1642 | D:3      | Noticed Sigmund
  1649 | D:3      | Banished Sigmund
  1650 | D:3      | Reached skill level 1 in Fighting
  1650 | D:3      | Reached skill level 4 in Maces & Flails
  1650 | D:3      | Reached XP level 7. HP: 43/43 MP: 10/10
  2071 | D:4      | Found Toacekat's Distillery.
  2124 | D:4      | Found Raekh's Antique Weapon Boutique.
  2130 | D:4      | Reached skill level 5 in Maces & Flails
  2159 | D:4      | Found Taqu's General Store.
  2175 | D:4      | Bought a potion of curing for 30 gold pieces
  2289 | D:4      | Reached ** piety under Hepliaklqana
  2290 | D:4      | Remembered your ancestor Sofian as a battlemage
  2293 | D:4      | Noticed Natasha
  2297 | D:4      | Killed Natasha
  2303 | D:4      | Noticed Natasha
  2310 | D:4      | Killed Natasha
  2326 | D:4      | Noticed Natasha
  2333 | D:4      | Killed Natasha
  2334 | D:4      | Reached XP level 8. HP: 39/48 MP: 7/11
  2561 | D:4      | Found a transporter.
  2561 | D:4      | Found Faamates's Jewellery Shoppe.
  2622 | D:4      | Found a transporter.
  2799 | D:5      | Entered Level 5 of the Dungeon
  2856 | D:5      | Reached skill level 6 in Maces & Flails
  2862 | D:5      | Found a hazy altar of Hepliaklqana.
  2909 | D:5      | Noticed a yak
  2912 | D:5      | Noticed a yak
  2919 | D:5      | Killed a yak
  2920 | D:5      | Reached skill level 5 in Stealth
  2922 | D:5      | Banished a yak
  2930 | D:5      | Noticed a yak
  2942 | D:5      | Banished a yak
  2943 | D:5      | Reached skill level 7 in Maces & Flails
  2943 | D:5      | Reached XP level 9. HP: 9/55 MP: 1/12
  2949 | D:5      | HP: 4/82 [gnoll/+0 spear[a gnoll bouda] (1)]
  2950 | D:5      | Slain by a gnoll

Illustrated notes

Levels and vault maps discovered:
D:1:      saegor_arrival_under_anarchy, layout_basic
D:2:      layout_basic, hellmonk_ecumenical_altar_crossroads,
          minmay_worlds_worst_comb
D:3:      minmay_bubble_buster, layout_basic, gup_sewer_entry_spiral,
          uniq_sigmund
D:4:      layout_loops_ring, serial_shops, shop, shop_statue,
          nicolae_shop_drivethru, nicolae_take_the_stairs, uniq_natasha
D:5:      dreamdust_elfheim, layout_basic, marbit_many_paths

Skill      XL: |  1  2  3  4  5  6  7  8 |
---------------+-------------------------+-----
Maces & Flails | 1 3 4 5 7 |  7.0
Armour         | 1 2 3 |  3.4
Fighting       | 1 2 |  2.4
Stealth        | 3 4 5 |  5.4
Dodging        | 6 |  6.2
Axes           | |  0.5
Throwing       | |  0.6
Spellcasting   | |  2.0
Translocations | |  1.0

Action                     |  1- 3 |  4- 6 |  7- 9 || total
---------------------------+-------+-------+-------++-------
  Melee: War axe           |    12 |       |       ||    12
         Whip              |    67 |   103 |   102 ||   272
  Throw: Boomerang         |     4 |       |     3 ||     7
         Dart              |       |       |     5 ||     5
 Invoke: Ancestor Life: Ba |       |       |     1 ||     1
    Use: Potion            |       |       |     2 ||     2
   Stab: Sleeping          |     3 |     9 |     5 ||    17
 Armour: Leather armour    |    21 |    17 |    17 ||    55
         Skin              |       |       |    15 ||    15
  Dodge: Dodged            |    56 |    63 |    68 ||   187
